 Dungeon Crawl Stone Soup version 0.17.1-3-g152610e (webtiles) character file.

28 Jerry the Magician (level 2, -3/19 HPs)
             Began as a Mummy Wizard on Mar 3, 2016.
             Slain by a hobgoblin
             ... wielding a +0 club
              (7 damage)
             ... on level 2 of the Dungeon.
             The game lasted 00:03:44 (713 turns).

Jerry the Magician (Mummy Wizard)                    Turns: 713, Time: 00:04:11

Health: -3/19      AC:  2    Str: 10    XL:     2   Next: 96%
Magic:  6/6        EV: 12    Int: 17    God:
Gold:   53         SH:  0    Dex: 10    Spells: 2 memorised, 4 levels left

rFire  x . .     SeeInvis .     e - +4 short sword
rCold  + . .     Clarity  .     d - +0 robe
rNeg   + + +     SustAt   .     (no shield)
rPois  ∞         Gourm    .     b - +0 hat
rElec  .         Spirit   .     (no cloak)
rCorr  .         Warding  .     (no gloves)
rMut   .         Stasis   .     (no boots)
MR     .....                    (no amulet)
Stlth  ++........               (no ring)
                                (no ring)

@: not resistant to hostile enchantments, unstealthy
A: no food or potions, fire vulnerability, cold resistance 1, negative energy
resistance 3, torment resistance, unbreathing
a: no special abilities


You were on level 2 of the Dungeon.
You were not hungry.

You visited 1 branch of the dungeon, and saw 2 of its levels.

You collected 53 gold pieces.

Inventory:

Hand Weapons
 e - a +4 short sword (weapon)
Armour
 b - a +0 hat (worn)
 d - a +0 robe (worn)
Scrolls
 a - a scroll of remove curse {unknown}
 f - 3 scrolls of identify {unknown}
 h - a scroll of magic mapping {unknown}
 i - a scroll of immolation {unknown}
Books
 c - a book of Minor Magic

   Spells                             Type                      Level
   a - Magic Dart                     Conjuration                  1
   b - Blink                          Translocation                2
   c - Call Imp                       Summoning                    2
   d - Repel Missiles                 Charms/Air                   2
   e - Slow                           Hexes                        2
   f - Conjure Flame                  Conjuration/Fire             3
   g - Mephitic Cloud                 Conjuration/Poison/Air       3


   Skills:
 - Level 1.5 Dodging
 - Level 1.5 Stealth
 - Level 3.0 Spellcasting
 - Level 2.4 Conjurations
 + Level 0.7 Summonings
   Level 0.7 Translocations


You had 4 spell levels left.
You knew the following spells:

 Your Spells              Type           Power        Failure   Level  Hunger
a - Magic Dart            Conj           ##..         10%         1    N/A
b - Call Imp              Summ           #.......     24%         2    N/A

Dungeon Overview and Level Annotations

Branches:
Dungeon (2/15)

Altars:

Annotations:
D:2 Jessica, Robin


Innate Abilities, Weirdness & Mutations

You do not eat or drink.
Your flesh is vulnerable to fire.
You are immune to poison.
Your flesh is cold resistant.
You are immune to negative energy.
You are immune to unholy pain and torment.
You can survive without breathing.


Message History

A goblin, a hobgoblin and Robin come into view.
An adder, a goblin and a hobgoblin come into view.
Robin shouts!
The goblin shouts!
A goblin and a hobgoblin come into view. 2 goblins and a hobgoblin come into view.
The hobgoblin shouts! x3
The goblin shouts!
The hobgoblin shouts!
Robin throws the goblin at you! The goblin barely misses you.
You closely miss the goblin. The hobgoblin hits you with a club.
Robin roars a battlecry!
The goblins go into a battle-frenzy!
The goblin barely misses you.
Jessica the Apprentice Sorceress comes into view.
She is wielding a dagger.
Jessica shouts!
The goblin shouts!
The goblin shouts!
The goblin shouts!
You hit the goblin.
The goblin is severely wounded.
The hobgoblin hits you with a club. The goblin hits you.
* * * LOW HITPOINT WARNING * * *
The hobgoblin hits you with a club!
You die...

#####.#.####...#.#
# #.#.# #...#.# .
..#+####...#.# .
..........# .
..........# ..
........?..#
....>......#
#+########g# #@#
#....gg# ......ggg
##....Sgg.
#....g....
#...g.ggg..
.........g...
...........#@.


You could see Robin, an adder, Jessica, 6 hobgoblins and 7 goblins.

Vanquished Creatures
  An adder (D:2)
  2 giant geckos (D:1)
  4 bats (D:1)
  2 goblins (D:1)
  3 hobgoblins (D:1)
  A quokka (D:2)
  A kobold (D:1)
  2 rats (D:1)
16 creatures vanquished.

Notes
Turn   | Place    | Note
--------------------------------------------------------------
     0 | D:1      | Jerry the Mummy Wizard began the quest for the Orb.
     0 | D:1      | Reached XP level 1. HP: 13/13 MP: 4/4
    32 | D:1      | Reached skill level 1 in Conjurations
   253 | D:1      | Reached XP level 2. HP: 19/19 MP: 0/6
   681 | D:2      | Learned a level 2 spell: Call Imp
   710 | D:2      | Noticed Robin
   713 | D:2      | Noticed Jessica
   713 | D:2      | Slain by a hobgoblin

Action                   || total
-------------------------++-------
Melee: Short sword       ||    26
 Cast: Magic Dart        ||    18
 Stab: Sleeping          ||     1
